 Dungeon Crawl Stone Soup version 0.28.0 (webtiles) character file.

Game seed: 6695844536645556136

822 spaghetti the Grappler (level 7, -2/62 HPs)
             Began as a Naga Delver on Feb 18, 2022.
             Splashed by a jelly's acid (7 damage)
             ... on level 5 of the Dungeon.
             The game lasted 00:08:44 (4070 turns).

spaghetti the Grappler (Naga Delver)                Turns: 4070, Time: 00:08:45

Health: -2/62      AC: -8    Str: 16    XL:     7   Next: 95%
Magic:  7/7        EV:  9    Int: 16    God:
Gold:   184        SH:  0    Dex: 13    Spells: 6/6 levels left

rFire   . . .      SeeInvis +     - Unarmed
rCold   . . .      Faith    .   (no shield)
rNeg    . . .      Spirit   .   a - +0 leather armour
rPois   +          Reflect  .   (no helmet)
rElec   .          Harm     .   o - scarf {shadows}
rCorr   .          Rampage  .   (no gloves)
Will    .....                   (no barding)
Stlth   +++.......              g - amulet of regeneration
HPRegen 1.00/turn               d - +6 ring of intelligence
MPRegen 0.10/turn               (no ring)

@: short of breath, corroded, on berserk cooldown, slowed, very slow
A: AC +2, large, see invisible, deformed body, poison resistance, slowness 2,
spit poison 1, naga tail 1
a: Spit Poison


You were on level 5 of the Dungeon.
You visited 1 branch of the dungeon, and saw 7 of its levels.

You collected 184 gold pieces.

Inventory:

Missiles
 s - 2 throwing nets
Armour
 a - a +0 leather armour (worn)
 o - a scarf of shadows (worn)
Magical Staves
 i - a staff of cold
 m - a staff of air
Jewellery
 d - a +6 ring of intelligence (left hand)
 g - an amulet of regeneration (around neck)
 n - a ring of fire
 r - a ring of positive energy
 v - an amulet of the acrobat
Wands
 f - a wand of digging (3)
Scrolls
 b - a scroll of fog
 c - 4 scrolls of magic mapping
 p - 3 scrolls of identify
 u - a scroll of amnesia
Potions
 e - 2 potions of haste
 h - a potion of berserk rage
 j - a potion of heal wounds {unknown}
 k - a potion of cancellation
 l - a potion of lignification {unknown}
 q - a potion of degeneration {unknown}
 t - a potion of brilliance {unknown}


   Skills:
 - Level 3.0 Fighting
 + Level 0.2 Armour
 + Level 1.6 Dodging
 - Level 7.2 Stealth
 + Level 8.8 Unarmed Combat


You had 6 spell levels left.
You didn't know any spells.
Your spell library contained the following spells:

 Spells                   Type           Power      Damage    Failure   Level
 Slow                     Hex            0%         N/A       30%         1
 Confusing Touch          Hex            0%         N/A       67%         3
 Dazzling Flash           Conj/Hex       0%         N/A       67%         3
 Vampiric Draining        Necr           0%         2d6       67%         3
 Iskenderun's Mystic Bla  Conj/Tloc      0%         2d3       97%         4
 Starburst                Conj/Fire      0%         6d3       100%        6


Dungeon Overview and Level Annotations

Branches:
Dungeon (7/15)
 Temple: D:4-7

Altars:
Nemelex Xobeh
Qazlal
Vehumet
Xom
Zin

Shops:
D:4 :

Annotations:
D:6 exclusions: door and 1 more exclusion


Innate Abilities, Weirdness & Mutations

Your serpentine skin is tough. (AC +2)
You have supernaturally acute eyesight. (SInv)
Armour fits poorly on your strangely shaped body.
Your system is resistant to poisons. (rPois)
You cover ground very slowly.
You can spit poison.
You have a snake-like lower body.


Message History

The jelly hits you. The acid corrodes you!
You are splashed with acid.
You hit the jelly but do no damage.
Your hands burn!
You punch the jelly, but do no damage.
The jelly is moderately wounded.
The jelly hits you.
You are splashed with acid!
* * * LOW HITPOINT WARNING * * *
A red film seems to cover your vision as you go berserk!
You feel yourself moving faster!
You feel mighty! The jelly hits you.
* * * LOW HITPOINT WARNING * * *
You are splashed with acid!
* * * LOW HITPOINT WARNING * * *
You hit the jelly but do no damage.
Your hands burn!
* * * LOW HITPOINT WARNING * * *
The jelly is moderately wounded.
Unknown command.
You hit the jelly.
Your hands burn!
* * * LOW HITPOINT WARNING * * *
The jelly is severely wounded.
The jelly hits you.
* * * LOW HITPOINT WARNING * * *
You are splashed with acid.
* * * LOW HITPOINT WARNING * * *
You feel a strong urge to attack something.
You feel your anger nearly subside.
You are no longer berserk.
You are exhausted.
You feel yourself slow down.
Aiming: Spit Poison (1% risk of failure)
Press: ? - help, Q - select action, (/) - cycle Shift-Dir - straight line, f/p - jelly
Aim: a jelly (severely wounded, 100% to hit)
Okay, then.
Okay, then.
Aiming: Spit Poison (1% risk of failure)
Press: ? - help, Q - select action, (/) - cycle Shift-Dir - straight line, f/p - jelly
Aim: a jelly (severely wounded, 100% to hit)
The splash of poison hits the jelly.
The jelly is severely wounded.
The jelly hits you.
* * * LOW HITPOINT WARNING * * *
You are splashed with acid!
You die...

#. #..........# #.
#.......)..# #.##
#..>.......# #..# #.
#...o......#
#.######.##.oo.....##
#......#...........#
#.(....###..........#
########...J..# #..........#
............@.# #..........#
#######.......# #.......Z..#
####.......###..........#
##.........<#...........#
####...........#.###.Z....##
###......#.......#.####.^...#
#......##..####.........
##...#####.## ###.#####.
....### #..# ##..#


You could see a jelly.

Vanquished Creatures
  Sigmund (D:2)
  An ice beast (D:5)
  A black bear (D:5)
  A bullfrog (D:6)
  A scorpion (D:4)
  A howler monkey (D:4)
  2 hounds (D:4)
  An orc wizard (D:5)
  4 iguanas
  3 gnolls (D:2)
  4 adders
  3 dart slugs
  7 orcs
  11 ball pythons
  6 endoplasms
  2 giant cockroaches
  2 goblins
  5 hobgoblins
  3 jackals (D:1)
  5 quokkas
  9 bats
  2 frilled lizards (D:2)
  9 kobolds
  6 rats
90 creatures vanquished.

Notes
Turn   | Place    | Note
-------+----------+-------------------------------------------
     0 | D:5      | spaghetti the Naga Delver began the quest for the Orb.
     0 | D:5      | Reached XP level 1. HP: 21/21 MP: 1/1
    11 | D:5      | Noticed an orc wizard
   149 | D:6      | Noticed a water moccasin zombie
   171 | D:7      | Noticed an orc warrior
   172 | D:7      | Noticed an orc priest
   284 | D:6      | Noticed an ogre
   333 | D:6      | Noticed an iguana
   333 | D:6      | Noticed a bullfrog
   340 | D:6      | Killed an iguana
   341 | D:6      | Reached skill level 3 in Unarmed Combat
   341 | D:6      | Reached XP level 2. HP: 15/28 MP: 2/2
   341 | D:6      | Reached XP level 3. HP: 19/34 MP: 3/3
   379 | D:6      | Killed a bullfrog
   380 | D:6      | Reached skill level 4 in Unarmed Combat
   380 | D:6      | Reached XP level 4. HP: 10/42 MP: 4/4
   441 | D:5      | Noticed a centaur warrior zombie
   442 | D:5      | Noticed a black bear
   460 | D:4      | Found Momma's Book Shoppe.
   537 | D:4      | Noticed a scorpion
   543 | D:4      | Killed a scorpion
   544 | D:4      | Reached skill level 5 in Unarmed Combat
   544 | D:4      | Reached XP level 5. HP: 49/49 MP: 5/5
   723 | D:4      | Reached skill level 6 in Unarmed Combat
   723 | D:4      | Reached XP level 6. HP: 46/56 MP: 6/6
  1603 | D:3      | Found a stormy altar of Qazlal.
  1604 | D:3      | Noticed a water elemental
  1616 | D:3      | Noticed a fire elemental
  1616 | D:3      | Noticed an air elemental
  2274 | D:3      | Found a radiant altar of Vehumet.
  2275 | D:3      | Found a glowing silver altar of Zin.
  2278 | D:3      | Found a sparkling altar of Nemelex Xobeh.
  2279 | D:3      | Found a shimmering altar of Xom.
  2436 | D:2      | Reached skill level 7 in Unarmed Combat
  2648 | D:2      | Noticed Sigmund
  2663 | D:2      | Killed Sigmund
  2664 | D:2      | Reached XP level 7. HP: 31/62 MP: 7/7
  3561 | D:1      | Reached skill level 8 in Unarmed Combat
  3587 | D:1      | Found a faded altar of an unknown god.
  4070 | D:5      | Splashed by a jelly's acid

Illustrated notes

Levels and vault maps discovered:
D:1:      dpeg_arrival_rooms_b, layout_loops_ring,
          shapermc_ecumenical_altar_starsandcircs
D:2:      layout_basic, uniq_sigmund
D:3:      layout_basic, nicolae_qazlal_style_of_elements, minitemple,
          minmay_misc_feat_chi
D:4:      layout_cave_pods, serial_shops, shop, st_stairs_13
D:5:      layout_rooms, uniq_edmund
D:6:      layout_basic, okawaru_gym_becter, temple_green,
          nicolae_ossuary_entry_plus, uniq_maggie
D:7:      layout_basic, trog_butcher_becter, mainiacjoe_overflow_catch_the_wave,
          uniq_harold

Skill      XL: |  1  2  3  4  5  6  7 |
---------------+----------------------+-----
Unarmed Combat | 3 4 5 6 7 8 |  8.8
Fighting       | |  3.0
Armour         | |  0.2
Dodging        | |  1.6
Stealth        | |  7.2

Action                   |  1- 3 |  4- 6 |  7- 9 || total
-------------------------+-------+-------+-------++-------
Melee: Unarmed           |    17 |   149 |   104 ||   270
       Punch             |       |     6 |     5 ||    11
 Abil: Spit Poison       |     5 |    21 |     4 ||    30
  Use: Scroll            |     1 |     3 |     1 ||     5
       Potion            |       |       |     3 ||     3
 Stab: Sleeping          |       |     7 |     9 ||    16
       Distracted        |       |       |     1 ||     1
Armor: Leather armour    |     3 |    23 |    32 ||    58
Dodge: Dodged            |     9 |    72 |    32 ||   113
